 Dungeon Crawl Stone Soup version 0.30-a0-335-ge5acde7520 (webtiles) character file.

Game seed: 496241905877877420

4178 sanka the Summoner (level 10, -1/64 HPs)
             Began as a Tengu Summoner on Oct 30, 2022.
             Was a Believer of Sif Muna.
             Slain by a gnoll sergeant
             ... wielding a +1 vorpal spear
              (12 damage)
             ... on level 9 of the Dungeon.
             The game lasted 00:23:35 (10702 turns).

sanka the Summoner (Tengu Summoner)                Turns: 10702, Time: 00:23:36

Health: -1/64      AC:  3    Str:  9    XL:     10   Next: 28%
Magic:  5/17       EV: 19    Int: 19    God:    Sif Muna [**....]
Gold:   526        SH:  0    Dex: 15    Spells: 7/17 levels left

rFire   . . .      SeeInvis .    G - +4 morningstar (freeze)
rCold   . . .      Faith    .    (no shield)
rNeg    + + .      Spirit   .    d - +1 robe {rN+}
rPois   +          Reflect  .    (helmet restricted)
rElec   .          Harm     .    (no cloak)
rCorr   .          Rampage  .    (no gloves)
Will    .....                    (boots unavailable)
Stlth   ++........               g - amulet of regeneration
HPRegen 1.10/turn                C - ring "Zarroles" {rPois rN+}
MPRegen 0.15/turn                (no ring)

@: flying quickly and evasively, quick
A: beak, talons 3, nimble flight
a: Renounce Religion, Channel Magic


You were on level 9 of the Dungeon.
You worshipped Sif Muna.
Sif Muna was pleased with you.
You visited 2 branches of the dungeon, and saw 10 of its levels.
You also visited: Sewer and Ossuary.

You collected 526 gold pieces.


Innate Abilities, Weirdness & Mutations

You have a beak for a mouth.
You have claws for feet.
Your magical nature lets you fly swiftly and evasively.


   Skills:
 + Level 8.1 Fighting
 + Level 7.9 Dodging
 - Level 2.0 Stealth
 - Level 4.0 Spellcasting
 - Level 10.0 Summonings
 - Level 4.0 Air Magic
 + Level 3.9 Invocations


You had 7 spell levels left.
You knew the following spells:

 Your Spells              Type           Power      Damage    Failure   Level
c - Call Canine Familiar  Summ           41%        N/A       1%          3
x - Call Imp              Summ           41%        N/A       1%          2
z - Summon Small Mammal   Summ           100%       N/A       1%          1
Z - Summon Lightning Spi  Summ/Air       30%        N/A       8%          4

Your spell library contained the following spells:

 Spells                   Type           Power      Damage    Failure   Level
 Summon Guardian Golem    Hex/Summ       22%        N/A       5%          3
 Swiftness                Air            19%        N/A       8%          3
 Poisonous Vapours        Pois/Air       22%        N/A       9%          2
 Cigotuvi's Dreadful Rot  Necr/Pois/Air  16%        N/A       12%         2
 Magic Dart               Conj           12%        1d3       14%         1
 Ensorcelled Hibernation  Hex/Ice        6%         N/A       21%         2
 Passwall                 Tmut/Erth      2%         N/A       21%         2
 Searing Ray              Conj           6%         2d4       21%         2
 Mephitic Cloud           Conj/Pois/Air  8%         N/A       24%         3
 Fulminant Prism          Conj/Hex       1%         3d5       80%         4

Inventory:

Hand Weapons
 a - a +0 scimitar of venom
 o - a +0 quarterstaff
 G - a +4 morningstar of freezing (weapon)
Missiles
 v - 2 throwing nets {=f}
Armour
 d - a +1 robe of positive energy (worn)
 F - a +0 pair of gloves
Jewellery
 g - an amulet of regeneration (around neck)
 n - an amulet of the acrobat
 y - a ring of fire
 C - the ring "Zarroles" (left hand) {rPois rN+}

   [ring of positive energy]

   rPois:     It protects you from poison.
   rN:        It protects you from negative energy.
Wands
 i - a wand of roots (5)
 D - a wand of digging (6)
Scrolls
 c - 9 scrolls of teleportation {@r4}
 f - 5 scrolls of fear
 h - a scroll of enchant armour
 j - 4 scrolls of poison
 l - 2 scrolls of noise {!r}
 p - 2 scrolls of magic mapping
 s - a scroll of enchant weapon
 u - a scroll of brand weapon
 w - 2 scrolls of summoning
 A - a scroll of vulnerability {!r}
Potions
 b - a potion of magic
 e - a potion of attraction {unknown}
 k - 2 potions of curing {@q1}
 m - a potion of mutation {!q}
 q - a potion of haste {unknown}
 r - a potion of might
 t - 3 potions of resistance
 x - 2 potions of invisibility
 z - 2 potions of lignification {unknown}
 B - 2 potions of brilliance
 E - a potion of heal wounds {@q2}

Dungeon Overview and Level Annotations

Branches:
Dungeon (9/15)             Temple (1/1) D:5           Sewer (visited)
Ossuary (visited)
   Lair: D:8-11         Orc: D:9-12

Altars:
Ashenzari
Cheibriados
Dithmenos
Elyvilon
Fedhas
Gozag
Hepliaklqana
Kikubaaqudgha
Makhleb
Nemelex Xobeh
Okawaru
Qazlal
Ru
Sif Muna
Trog
Uskayaw
Vehumet
Wu Jian
Xom
Yredelemnul
Zin
The Shining One

Shops:
D:1 :   D:3 (

Annotations:
D:9 2 transporters

......▒.▒▒ ..▒ ▒▒
▒....▒▒.▒
▒▒8▒▒▒...▒.▒▒▒▒▒▒▒
..▒...▒▒.▒.....▒....
.....)o▒g▒▒....▒[▒▒▒
.g...))..▒▒.gg©▒©...
.
.....g.▒▒▒▒▒gg.▒.▒▒▒
▒▒... ..▒..)▒
▒.{.▒B.£. ...) ▒▒8▒
▒Q▒▒▒▒▒▒▒▒▒ ▒▒... ▒▒
▒ ▒▒).▒▒ ▒▒.▒ ▒▒....
....▒.▒.▒▒▒..▒▒▒.▒...
▒......▒....▒......
▒▒▒.▒▒▒.▒▒▒▒.▒▒▒...
▒.▒ ▒▒▒ ▒.▒.....
▒.▒▒▒▒▒▒▒▒.▒.▒.▒.
▒......)..▒..▒▒.<
▒▒▒▒▒▒▒▒▒▒.▒▒▒...


You could see a boulder beetle, a gnoll sergeant (rooted), 3 gnolls and a
friendly lightning spire (summoned).


Message History

You see here a +0 club.
A gnoll comes into view. It is wielding a +0 spear.
The gnoll sergeant hits you from afar with a +1 vorpal spear!
The gnoll sergeant hits you from afar with a +1 vorpal spear!
* * * LOW HITPOINT WARNING * * *
* * * LOW HITPOINT WARNING * * *
The gnoll hits your shadow imp with a +0 flail.
The gnoll sergeant barely misses you.
Your shadow imp misses the gnoll.
The gnoll sergeant hits you from afar with a +1 vorpal spear!
* * * LOW HITPOINT WARNING * * *
* * * LOW HITPOINT WARNING * * *
Your shadow imp hits the gnoll.
The gnoll hits your shadow imp with a +0 flail!
Your shadow imp dies!
The gnoll sergeant completely misses you.
Unknown command.
Aiming: Fastroot
Aim: a gnoll sergeant, wielding a +1 vorpal spear and wearing a +0 ring mail (lightly wounded)
The roots erupt in riotous growth!
Roots grab the gnoll sergeant.
Roots grab the gnoll.
Roots grab the gnoll.
Your lightning spire is unaffected.
The grasping roots constrict the gnoll sergeant.
The grasping roots constrict the gnoll.
The grasping roots constrict the gnoll.
The gnoll struggles to escape constriction.
The gnoll sergeant hits you from afar with a +1 vorpal spear!
You die...

Action                   |  1- 3 |  4- 6 |  7- 9 | 10-12 || total
-------------------------+-------+-------+-------+-------++-------
Melee: Peck              |     7 |    21 |    57 |    10 ||    95
       Unarmed           |     1 |       |       |       ||     1
       Mace              |    23 |       |       |       ||    23
       Kick              |    10 |    45 |    68 |    16 ||   139
       Punch             |     1 |       |       |       ||     1
       Spear             |    38 |    48 |       |       ||    86
       Quarterstaff      |       |   145 |   210 |       ||   355
       Scimitar          |       |       |    33 |     9 ||    42
       Morningstar       |       |       |       |    39 ||    39
 Cast: Summon Small Mamm |    19 |       |       |       ||    19
       Call Imp          |     6 |    25 |    21 |     3 ||    55
       Call Canine Famil |       |     9 |    37 |     6 ||    52
       Summon Lightning  |       |       |    12 |     7 ||    19
Evoke: Wand              |       |       |       |     1 ||     1
  Use: Scroll            |       |     1 |    14 |       ||    15
       Potion            |       |       |     1 |     1 ||     2
 Stab: Sleeping          |     6 |    10 |     3 |       ||    19
       Distracted        |       |       |     2 |       ||     2
Armor: Robe              |    15 |    21 |    19 |     9 ||    64
Dodge: Dodged            |    40 |   138 |   292 |    52 ||   522

Levels and vault maps discovered:
D:1:      dpeg_arrival_castle, layout_loops_corners, nicolae_shop_vocational
D:2:      layout_loops_corners, minmay_rat_hole
D:3:      layout_loops_ring, serial_shops, nicolae_lakefront_shop, uniq_natasha
D:4:      layout_rooms, gup_sewer_entry_bowl, chequers_serial_rivers_micro_e
D:5:      layout_rooms, minmay_temple_entry_junction_2,
          lightli_ossuary_entry_decrepit_ruins
D:6:      layout_loops_ring, st_stairs_12, uniq_menkaure
D:7:      layout_rooms, zin_scriptorium, grunt_ministairs_1, nrook_pool_corridor
D:8:      layout_loops_ring, mainiacjoe_overflow_boulevard
D:9:      gammafunk_boulding_lane, layout_loops_ring, lair_entry_dummy,
          david_orc_4, minmay_fractal_squares_5
Temple:   nicolae_temple_bog_church

Notes
Turn   | Place    | Note
-------+----------+-------------------------------------------
     0 | D:1      | sanka the Tengu Summoner began the quest for the Orb.
     0 | D:1      | Reached XP level 1. HP: 10/10 MP: 4/4
    96 | D:1      | Reached skill level 5 in Summonings
   262 | D:1      | Reached XP level 2. HP: 15/15 MP: 4/6
   490 | D:1      | Found Tinuepn's Vocational Training.
  1024 | D:1      | HP: 1/15 [quokka (3)]
  1142 | D:1      | Reached XP level 3. HP: 18/19 MP: 7/7
  1221 | D:1      | Learned a level 2 spell: Call Imp
  1225 | D:1      | Learned a level 3 spell: Call Canine Familiar
  1295 | D:2      | Reached skill level 6 in Summonings
  1701 | D:2      | Reached XP level 4. HP: 24/24 MP: 6/8
  1815 | D:2      | Reached skill level 7 in Summonings
  2407 | D:3      | Gained mutation: Your magical nature lets you fly swiftly
                  | and evasively. [Tengu growth]
  2407 | D:3      | Reached XP level 5. HP: 28/28 MP: 9/9
  2521 | D:3      | You are sucked into a shaft and drop 1 floor!
  2617 | D:4      | Reached skill level 8 in Summonings
  2752 | D:4      | Reached skill level 1 in Fighting
  2752 | D:4      | Reached skill level 3 in Dodging
  2752 | D:4      | Reached XP level 6. HP: 19/34 MP: 4/10
  2786 | D:4      | Found a glowing drain.
  2880 | Sewer    | Entered a sewer
  3072 | Sewer    | Reached skill level 2 in Fighting
  3937 | D:3      | Found Wasuschiu's Weapon Boutique.
  4197 | D:3      | Reached skill level 4 in Dodging
  4354 | D:3      | Noticed Natasha
  4384 | D:3      | Killed Natasha
  4385 | D:3      | Reached skill level 3 in Fighting
  4385 | D:3      | Reached XP level 7. HP: 31/41 MP: 6/11
  4777 | D:3      | Noticed Natasha
  4787 | D:3      | Killed Natasha
  4828 | D:3      | Noticed Natasha
  4834 | D:3      | Killed Natasha
  4914 | D:3      | Found Wasuschiu's Weapon Boutique.
  5329 | D:5      | Entered Level 5 of the Dungeon
  5364 | D:5      | Found a sand-covered staircase.
  5402 | Ossuary  | Entered an ossuary
  5470 | Ossuary  | Reached skill level 5 in Dodging
  5480 | Ossuary  | Reached skill level 4 in Fighting
  5849 | D:5      | Reached XP level 8. HP: 20/48 MP: 12/12
  6011 | D:5      | Reached skill level 5 in Fighting
  6011 | D:5      | Reached skill level 6 in Dodging
  6191 | D:5      | Found a staircase to the Ecumenical Temple.
  6201 | Temple   | Entered the Ecumenical Temple
  6354 | Temple   | Became a worshipper of Sif Muna the Loreminder
  6778 | D:6      | Reached skill level 1 in Invocations
  7065 | D:6      | Identified the ring "Zarroles" {rPois rN+}
  7193 | D:5      | Learned a level 4 spell: Summon Lightning Spire
  7234 | D:6      | Reached skill level 1 in Air Magic
  7255 | D:6      | Reached skill level 3 in Spellcasting
  7408 | D:6      | Reached skill level 2 in Air Magic
  7573 | D:6      | Reached XP level 9. HP: 15/54 MP: 9/15
  7578 | D:6      | Reached skill level 3 in Air Magic
  7978 | D:6      | Reached skill level 9 in Summonings
  8244 | D:6      | Noticed Menkaure
  8248 | D:6      | Killed Menkaure
  8249 | D:6      | Reached skill level 4 in Spellcasting
  8249 | D:6      | Reached skill level 4 in Air Magic
  8683 | D:7      | Reached skill level 10 in Summonings
  8687 | D:7      | Reached skill level 6 in Fighting
  8901 | D:7      | Reached * piety under Sif Muna
  8903 | D:7      | Reached skill level 7 in Fighting
  9080 | D:7      | Found a glowing silver altar of Zin.
  9126 | D:7      | Reached skill level 2 in Invocations
  9524 | D:7      | Reached skill level 7 in Dodging
  9699 | D:7      | Identified 3 potions of resistance
  9751 | D:8      | Found a snail-covered altar of Cheibriados.
  9870 | D:8      | Reached skill level 3 in Invocations
  9870 | D:8      | Reached XP level 10. HP: 31/63 MP: 10/17
 10612 | D:9      | Reached skill level 8 in Fighting
 10647 | D:9      | Found a transporter.
 10647 | D:9      | Found a transporter.
 10647 | D:9      | Noticed a boulder beetle
 10670 | D:9      | Reached ** piety under Sif Muna
 10670 | D:9      | HP: 6/64 [steam dragon (9)]
 10678 | D:9      | Identified +0 steam dragon scales
 10702 | D:9      | Slain by a gnoll sergeant

Vanquished Creatures
  A wyvern (D:8)
  A steam dragon (D:9)
  A water moccasin (D:8)
  An orc warrior (D:9)
  A black bear (D:6)
  A bullfrog (D:6)
  4 scorpions
  3 wights (D:9)
  2 killer bees (D:7)
  A howler monkey (D:5)
  An electric eel (D:7)
  2 orc priests
  2 centaur zombies (Ossuary)
  A hound (D:5)
  4 iguanas
  Natasha (twice) (D:3)
  3 orc wizards
  2 mummies (Ossuary)
  A gnoll (D:7)
  9 adders
  A river rat (D:4)
  2 white imps
  An adder zombie (Ossuary)
  4 worms
  3 dart slugs
  22 orcs
  5 ball pythons
  4 endoplasms
  4 giant cockroaches
  6 goblins
  6 hobgoblins
  4 kobolds
  4 quokkas
  18 bats
  4 frilled lizards
  A goblin zombie (Ossuary)
  7 hobgoblin zombies (Ossuary)
  5 kobold zombies (Ossuary)
  12 orc zombies (Ossuary)
  13 rats
  2 rat zombies (Ossuary)
171 creatures vanquished.

Vanquished Creatures (collateral kills)
  2 wyverns (D:7)
  Menkaure (D:6)
  A water moccasin (D:6)
  3 orc warriors
  2 sky beasts
  A centaur (D:6)
  An elf zombie (Ossuary)
  A kobold brigand (D:8)
  2 necrophages
  5 wights
  4 killer bees (D:7)
  A jelly (D:6)
  2 hounds
  A gnoll bouda (D:7)
  5 orc priests
  Natasha (D:3)
  2 orc wizards (D:6)
  10 gnolls
  6 adders
  3 river rats (Sewer)
  A white imp (D:7)
  2 adder zombies (Ossuary)
  20 orcs
  5 ball pythons
  2 endoplasms (D:1)
  2 giant cockroaches (Sewer)
  2 goblins
  3 jackals
  3 kobolds
  5 quokkas
  A bat (Sewer)
  A frilled lizard (Sewer)
  A jackal zombie (Ossuary)
  2 orc zombies (Ossuary)
  12 rats
116 creatures vanquished.

Grand Total: 287 creatures vanquished
